 Dungeon Crawl Stone Soup version 0.23.2-30-g0e89c35649 (webtiles) character file.

Game seed: 7322036137155268488

35 Folque the Gusty (level 3, 0/19 HPs)
             Began as a Tengu Air Elementalist on June 20, 2019.
             Slain by a quokka (2 damage)
             ... on level 2 of the Dungeon.
             The game lasted 00:02:22 (780 turns).

Folque the Gusty (Tengu Air Elementalist)            Turns: 780, Time: 00:02:23

Health: 0/19       AC:  2    Str:  8    XL:     3   Next: 33%
Magic:  1/8        EV: 12    Int: 16    God:
Gold:   41         SH:  0    Dex: 14    Spells: 4/7 levels left

rFire    . . .     SeeInvis .   b - +0 dagger
rCold    . . .     Gourm    .   (no shield)
rNeg     . . .     Faith    .   a - +0 robe
rPois    .         Spirit   .   (helmet restricted)
rElec    .         Reflect  .   (no cloak)
rCorr    .         Harm     .   (no gloves)
MR       .....                  (boots unavailable)
Stlth    ++........             (no amulet)
HPRegen  0.06/turn              (no ring)
MPRegen  0.11/turn              (no ring)

@: very slightly contaminated
A: beak, talons 3
a: no special abilities


You were on level 2 of the Dungeon.
You were not hungry.

You visited 1 branch of the dungeon, and saw 2 of its levels.

You collected 41 gold pieces.

Inventory:

Hand Weapons
 b - a +0 dagger (weapon)
Armour
 a - a +0 robe (worn)
 f - a +0 buckler
Scrolls
 g - 2 scrolls of remove curse {unknown}
 i - a scroll of identify
 j - a scroll of amnesia {unknown}
 k - a scroll of fog {unknown}
Potions
 e - a potion of lignification
 h - a potion of brilliance {unknown}
Comestibles
 c - 6 rations
 d - a chunk of flesh


   Skills:
 - Level 2.1 Dodging
 - Level 2.0 Stealth
 * Level 2.7 Spellcasting
 + Level 2.4 Conjurations
 + Level 4.4 Air Magic


You had 4 spell levels left.
You knew the following spells:

 Your Spells              Type           Power        Failure   Level  Hunger
a - Shock                 Conj/Air       ##..         4%          1    #......
b - Swiftness             Chrm/Air       #.......     12%         2    ##.....

Your spell library contained the following spells:

 Spells                   Type           Power        Failure   Level  Hunger
 Static Discharge         Conj/Air       ##......     14%         3    ###....
 Animate Skeleton         Necr           N/A          19%         1    #......
 Apportation              Tloc           #.....       19%         1    #......
 Confusing Touch          Hex            #.....       19%         1    #......
 Summon Small Mammal      Summ           #...         19%         1    #......
 Airstrike                Air            ###.......   30%         4    #####..
 Lightning Bolt           Conj/Air       ##........   77%         5    ######.


Dungeon Overview and Level Annotations

Branches:
Dungeon (2/15)

Altars:


Innate Abilities, Weirdness & Mutations

You have a beak for a mouth.
You have claws for feet.


Message History

The zap misses the hobgoblin.
The giant cockroach closely misses you. x2
Casting: Shock (safe; 4% risk of failure)
Confirm with . or Enter, or press ? or * to list all spells.
Aiming: Shock (safe; 4% risk of failure)
Press: ? - help, Shift-Dir - straight line, f/p - hobgoblin
Aim: a hobgoblin (severely wounded)
You miscast Shock.
You are very lightly contaminated with residual magic.
Sparks fly from your hands! The quokka bites you.
* * * LOW HITPOINT WARNING * * *
The giant cockroach barely misses you.
Casting: Shock (safe; 4% risk of failure)
Confirm with . or Enter, or press ? or * to list all spells.
Aiming: Shock (safe; 4% risk of failure)
Press: ? - help, Shift-Dir - straight line, f/p - hobgoblin
Aim: a hobgoblin (severely wounded)
The zap misses the quokka.
The zap hits the hobgoblin.
You kill the hobgoblin!
The quokka bites you.
You die...

...........................
#...#.....<................
#############).....?......
#.........###
#...#.........###
#.#######.g.....## ...
##.......)
...##########.####...
........s@r†.........
...#########.######## ...+
#..## ###. . #. .


You could see a quokka and a giant cockroach.

Vanquished Creatures
  A gnoll (D:1)
  An ooze (D:1)
  A leopard gecko (D:1)
  5 bats
  A giant cockroach (D:1)
  A goblin (D:1)
  3 hobgoblins
  A ball python (D:1)
  3 frilled lizards
  3 kobolds (D:1)
20 creatures vanquished.

Notes
Turn   | Place    | Note
-------+----------+-------------------------------------------
     0 | D:1      | Folque the Tengu Air Elementalist began the quest for the
                  | Orb.
     0 | D:1      | Reached XP level 1. HP: 10/10 MP: 4/4
   115 | D:1      | Reached XP level 2. HP: 14/15 MP: 0/6
   204 | D:1      | Learned a level 2 spell: Swiftness
   316 | D:1      | Reached XP level 3. HP: 17/19 MP: 5/7
   780 | D:2      | Slain by a quokka

Skill      XL: |  1 |
---------------+----+-----
Conjurations   | 2 |  2.4
Dodging        | |  2.1
Stealth        | |  2.0
Spellcasting   | |  2.7
Air Magic      | |  4.4

Action                   || total
-------------------------++-------
Melee: Unarmed           ||    12
       Peck              ||     4
       Kick              ||     1
       Dagger            ||    12
 Cast: Shock             ||    26
  Use: Scroll            ||     1
 Stab: Sleeping          ||     4
Armor: Robe              ||    10
Dodge: Dodged            ||    35
